 Dungeon Crawl Stone Soup version 0.25-a0-346-g140ab784a8 (webtiles) character file.

Game seed: 10117520644060054160, levelgen mode: deterministic

106 BritishOli the Slasher (level 4, -2/35 HPs)
             Began as a Demonspawn Gladiator on Dec 31, 2019.
             Slain by a goblin
             ... wielding a +0 club
             ... led by Robin
              (5 damage)
             ... on level 2 of the Dungeon.
             The game lasted 00:01:49 (1730 turns).

BritishOli the Slasher (Demonspawn Gladiator)       Turns: 1730, Time: 00:01:50

Health: -2/35      AC:  4    Str: 16    XL:     4   Next: 55%
Magic:  4/4        EV: 15    Int:  9    God:
Gold:   114        SH:  0    Dex: 14    Spells: 3/3 levels left

rFire    . . .     SeeInvis .   a - +0 long sword
rCold    . . .     Gourm    .   (no shield)
rNeg     . . .     Faith    .   b - +0 leather armour
rPois    .         Spirit   .   c - +0 helmet
rElec    .         Reflect  .   (no cloak)
rCorr    .         Harm     .   (no gloves)
MR       .....                  (no boots)
Stlth    +.........             (no amulet)
HPRegen  0.11/turn              (no ring)
MPRegen  0.09/turn              (no ring)

@: no status effects
A: repulsion field 1, demonic guardian 1
a: no special abilities


You were on level 2 of the Dungeon.
You were hungry.

You visited 1 branch of the dungeon, and saw 2 of its levels.

You collected 114 gold pieces.

Inventory:

Hand Weapons
 a - a +0 long sword (weapon)
Missiles
 d - 2 throwing nets (quivered)
Armour
 b - a +0 leather armour (worn)
 c - a +0 helmet (worn)
Jewellery
 m - an uncursed ring of protection from magic {unknown}
 p - an uncursed ring of see invisible {unknown}
 r - a cursed amulet of guardian spirit {unknown}
Scrolls
 e - 2 scrolls of teleportation {unknown}
 i - a scroll of enchant armour {unknown}
 k - a scroll of fear {unknown}
 n - 2 scrolls of identify {unknown}
Potions
 g - 2 potions of degeneration {unknown}
 h - a potion of agility {unknown}
 j - a potion of haste {unknown}
 l - 2 potions of berserk rage {unknown}
 o - a potion of might {unknown}
 q - a potion of heal wounds {unknown}
 s - a potion of flight {unknown}
Comestibles
 f - 4 rations


   Skills:
 + Level 3.2 Fighting
 + Level 3.5 Long Blades
 - Level 2.0 Throwing
 + Level 3.4 Dodging


You had 3 spell levels left.
You didn't know any spells.
Your spell library was empty.

Dungeon Overview and Level Annotations

Branches:
Dungeon (2/15)

Altars:

Annotations:
D:2 Robin


Innate Abilities, Weirdness & Mutations

You are surrounded by a mild repulsion field. (EV +2)
A weak demonic guardian rushes to your aid.


Message History

Throwing (i - inventory)
d - 3 throwing nets (quivered)
Press: ? - help, Shift-Dir - straight line, f - Robin
Aim: Robin, wielding a +0 club, wearing a cursed +0 animal skin and wearing a +0 helmet (lightly wounded)
You throw a throwing net. The throwing net hits Robin.
Robin is caught in the net!
Robin is lightly wounded.
You hit Robin.
Robin is moderately wounded.
Robin struggles against the net.
A goblin comes into view. It is wielding a +0 club.
Robin throws the goblin at you!
Robin struggles against the net.
You hit Robin.
Robin is heavily wounded.
The goblin misses you.
You catch the helpless Robin completely off-guard!
You slash Robin!
Robin is almost dead.
The goblin closely misses you.
Robin struggles against the net.
The goblin hits you with a +0 club.
You die...

##.## #......†.. ##...##
#######.#### #.....#
#..<....# ##...##
#.#######
#.#.##########.## #.#
#......)...###.#####.#
###.######...........#
#####g####### #@# #g#
#.# #.#### #....#######
#..........#
#############....#####.#
#................# #.#
#.#####.##.......# #.# #


You could see Robin (caught) and a goblin.

Vanquished Creatures
  Terence (D:2)
  An adder (D:2)
  2 oozes (D:1)
  2 worms (D:2)
  3 dart slugs
  2 leopard geckos
  6 bats
  2 giant cockroaches
  9 goblins
  5 hobgoblins
  3 jackals (D:2)
  2 kobolds (D:1)
  A ball python (D:1)
  4 frilled lizards
  7 rats
50 creatures vanquished.

Notes
Turn   | Place    | Note
-------+----------+-------------------------------------------
     0 | D:1      | BritishOli the Demonspawn Gladiator began the quest for the
                  | Orb.
     0 | D:1      | Reached XP level 1. HP: 16/16 MP: 1/1
    81 | D:1      | Gained mutation: You are surrounded by a mild repulsion
                  | field. (EV +2) [demonic ancestry]
    81 | D:1      | Reached XP level 2. HP: 11/22 MP: 2/2
   581 | D:1      | Gained mutation: A weak demonic guardian rushes to your
                  | aid. [demonic ancestry]
   581 | D:1      | Reached XP level 3. HP: 28/28 MP: 3/3
  1526 | D:2      | Reached XP level 4. HP: 31/35 MP: 4/4
  1700 | D:2      | Noticed Terence
  1704 | D:2      | Noticed Robin
  1717 | D:2      | Killed Terence
  1730 | D:2      | Slain by a goblin

Levels and vault maps discovered:
D:1:      lemuel_arrival_river_passageway, layout_loops_corners,
          minmay_tetromino_s4
D:2:      layout_loops_corners, uniq_robin, uniq_terence

Skill      XL: |  1  2  3 |
---------------+----------+-----
Throwing       | 2 |  2.0
Long Blades    | 3 |  3.5
Dodging        | 3 |  3.4
Fighting       | 3 |  3.2

Action                   |  1- 3 |  4- 6 || total
-------------------------+-------+-------++-------
Melee: Long sword        |   117 |    33 ||   150
Throw: Throwing net      |       |     1 ||     1
 Stab: Sleeping          |     3 |       ||     3
       Distracted        |     1 |       ||     1
       Held in net/web   |       |     1 ||     1
  Eat: Chunk             |     2 |       ||     2
Armor: Leather armour    |    39 |    10 ||    49
Dodge: Dodged            |   111 |    24 ||   135
       Rpst.: Long sword |    35 |     9 ||    44

Table legend:
 A = Non-vault XP
 B = Vault XP
 C = Vault XP percentage of total XP
 D = Non-vault monster count
 E = Vault monster count
 F = Vault count percentage of total count
                 A         B        C        D         E       F
            +---------+---------+-------+---------+---------+-------
      Total |     106 |      46 |  30.3 |      44 |       6 |  12.0
            +---------+---------+-------+---------+---------+-------
        D:1 |      52 |       1 |   1.9 |      25 |       1 |   3.8
        D:2 |      54 |      45 |  45.5 |      19 |       5 |  20.8
            +---------+---------+-------+---------+---------+-------
